 Dungeon Crawl Stone Soup version 0.28.0-45-g0d030f2227 (webtiles) character file.

Game seed: 678889985270936076

487 Kziril the Skirmisher (level 7, -2/46 HPs)
             Began as a Gargoyle Fighter on Apr 19, 2022.
             Was an Initiate of Makhleb.
             Slain by an ogre
             ... wielding a +0 giant spiked club
              (3 damage)
             ... on level 4 of the Dungeon.
             The game lasted 00:09:16 (4497 turns).

Kziril the Skirmisher (Gargoyle Fighter)            Turns: 4497, Time: 00:09:17

Health: -2/46      AC: 14    Str: 19    XL:     7   Next: 13%
Magic:  7/7        EV:  9    Int:  9    God:    Makhleb [......]
Gold:   124        SH:  5    Dex: 11    Spells: 6/6 levels left

rFire   + . .      SeeInvis .   a - +0 flail
rCold   . . .      Faith    .   c - +0 buckler
rNeg    + . .      Spirit   .   b - +0 scale mail
rPois   ∞          Reflect  .   s - +1 hat
rElec   +          Harm     .   (no cloak)
rCorr   .          Rampage  .   (no gloves)
Will    .....                   e - +0 pair of boots
Stlth   ..........              (no amulet)
HPRegen 0.15/turn               q - ring of protection from fire
MPRegen 0.10/turn               (no ring)

@: no status effects
A: sickness immunity, AC +4, negative energy resistance 1, electricity
resistance, torment resistance 1, petrification resistance
a: Renounce Religion


You were on level 4 of the Dungeon.
You worshipped Makhleb.
Makhleb was noncommittal.
You visited 2 branches of the dungeon, and saw 6 of its levels.

You collected 124 gold pieces.

Inventory:

Hand Weapons
 a - a +0 flail (weapon)
Armour
 b - a +0 scale mail (worn)
 c - a +0 buckler (worn)
 e - a +0 pair of boots (worn)
 s - a +1 hat (worn)
Jewellery
 q - a ring of protection from fire (left hand)
Wands
 p - a wand of digging (8)
Scrolls
 f - 2 scrolls of teleportation {unknown}
 g - 5 scrolls of identify {unknown}
 i - a scroll of fear {unknown}
 j - a scroll of immolation {unknown}
 k - 2 scrolls of vulnerability {unknown}
 l - a scroll of magic mapping {unknown}
 m - a scroll of holy word {unknown}
Potions
 d - a potion of might
 h - a potion of curing {unknown}
 n - a potion of haste {unknown}
 o - a potion of lignification {unknown}
 r - a potion of degeneration {unknown}


   Skills:
 * Level 6.0 Fighting
 + Level 3.7 Maces & Flails
 + Level 4.8 Armour
 + Level 4.8 Shields


You had 6 spell levels left.
You didn't know any spells.
Your spell library contained the following spells:

 Spells                   Type           Power      Damage    Failure   Level
 Beastly Appendage        Tmut           0%         N/A       83%         1
 Sandblast                Erth           0%         2d4       83%         1
 Passwall                 Tmut/Erth      0%         N/A       92%         2
 Wereblood                Tmut           0%         N/A       92%         2
 Gell's Gravitas          Tloc           0%         N/A       99%         3
 Lesser Beckoning         Tloc           0%         N/A       99%         3
 Spider Form              Tmut/Pois      0%         N/A       99%         3
 Stone Arrow              Conj/Erth      0%         3d7       99%         3
 Teleport Other           Tloc           0%         N/A       99%         3
 Passage of Golubria      Tloc           0%         N/A       100%        4
 Metabolic Englaciation   Hex/Ice        0%         N/A       100%        5
 Silence                  Hex/Air        0%         N/A       100%        5
 Summon Forest            Summ/Tloc      0%         N/A       100%        5
 Disjunction              Tloc           0%         N/A       100%        8
 Lehudib's Crystal Spear  Conj/Erth      0%         10d2      100%        8


Dungeon Overview and Level Annotations

Branches:
Dungeon (5/15)             Temple (1/1) D:4

Altars:
Ashenzari
Cheibriados
Dithmenos
Elyvilon
Fedhas
Gozag
Hepliaklqana
Kikubaaqudgha
Makhleb
Nemelex Xobeh
Okawaru
Qazlal
Sif Muna
Trog
Uskayaw
Vehumet
Wu Jian
Xom
Yredelemnul
Zin
The Shining One


Innate Abilities, Weirdness & Mutations

You are immune to sickness and miasma.
Your stone body is resilient. (AC +4)
You are immune to poison.
You resist negative energy. (rN+)
You are resistant to electric shocks. (rElec)
You are resistant to unholy torment.
You are immune to petrification.


Message History

A kobold comes into view.
It is wielding a +0 dagger and quivering poisoned darts.
Things that are here:
a +0 dagger; 5 stones; a kobold corpse An orc comes into view.
It is wielding a +0 short sword.
The orc shouts!
An ogre comes into view. It is wielding a +0 giant spiked club.
You sock the orc!
You kill the orc!
Makhleb accepts your kill.
The ogre shouts!
You see here a +0 short sword.
You start resting.
An ogre is nearby!
You barely miss the ogre. The ogre barely misses you.
You hit the ogre.
The ogre is lightly wounded.
The ogre barely misses you.
You hit the ogre.
The ogre is lightly wounded.
The ogre closely misses you.
You barely miss the ogre.
The ogre is lightly wounded.
The ogre hits you with a +0 giant spiked club.
You hit the ogre.
The ogre is moderately wounded.
The ogre hits you with a +0 giant spiked club!
You sock the ogre!
The ogre is heavily wounded.
The ogre hits you with a +0 giant spiked club!
You closely miss the ogre.
The ogre is heavily wounded.
The ogre hits you with a +0 giant spiked club.
You hit the ogre.
The ogre is almost dead.
The ogre hits you with a +0 giant spiked club!!
* * * LOW HITPOINT WARNING * * *
You completely miss the ogre.
The ogre is almost dead.
The ogre hits you with a +0 giant spiked club.
You die...

##########################
#.......))...#....#......#
O'..o.##..#...#..#.#.....##
.#.##.....#.#....#.#.#..##.
#K.O..##...#..#.#...#.##..
..............#.....#....#
#########)######..########
#O# ##.#######
#@#####........#
#............#..
#...............
#..........###..
#..........#⌠#.#
#..........###.#
#<.............#
#...........#### #........


You could see an ogre.

Vanquished Creatures
  An ice beast (D:4)
  An ogre (D:4)
  A centaur (D:3)
  A hound (D:4)
  Terence (D:2)
  4 gnolls (D:2)
  5 adders
  2 adder skeletons (D:4)
  A worm (D:2)
  4 dart slugs
  6 orcs
  2 endoplasms (D:2)
  3 giant cockroaches
  5 goblins
  6 hobgoblins
  7 kobolds
  4 quokkas
  6 ball pythons
  13 bats
  2 frilled lizards (D:1)
  A rat (D:3)
76 creatures vanquished.

Notes
Turn   | Place    | Note
-------+----------+-------------------------------------------
     0 | D:1      | Kziril the Gargoyle Fighter began the quest for the Orb.
     0 | D:1      | Reached XP level 1. HP: 14/14 MP: 1/1
   214 | D:1      | Reached XP level 2. HP: 17/19 MP: 2/2
  1158 | D:2      | Reached XP level 3. HP: 22/24 MP: 3/3
  1244 | D:2      | Reached skill level 4 in Fighting
  1415 | D:2      | Reached XP level 4. HP: 27/29 MP: 4/4
  2042 | D:2      | Noticed Terence
  2057 | D:2      | Killed Terence
  2058 | D:2      | Reached XP level 5. HP: 10/34 MP: 5/5
  2303 | D:2      | Found a faded altar of an unknown god.
  2509 | D:3      | Noticed a centaur
  2519 | D:3      | Killed a centaur
  2520 | D:3      | Reached skill level 5 in Fighting
  2520 | D:3      | Reached XP level 6. HP: 20/40 MP: 6/6
  2848 | D:3      | Got the Catalogue of Glacial Dislocation
  3527 | D:5      | Entered Level 5 of the Dungeon
  3648 | D:4      | Found a staircase to the Ecumenical Temple.
  3674 | Temple   | Entered the Ecumenical Temple
  3890 | Temple   | Became a worshipper of Makhleb the Destroyer
  4174 | D:4      | Noticed an ice beast
  4191 | D:4      | Killed an ice beast
  4437 | D:4      | Reached skill level 6 in Fighting
  4437 | D:4      | Reached XP level 7. HP: 38/46 MP: 7/7
  4496 | D:4      | HP: 1/46 [ogre/+0 giant spiked club (18)]
  4497 | D:4      | Slain by an ogre

Illustrated notes

Levels and vault maps discovered:
D:1:      tarquinn_simple_flora_water_b, layout_rooms
D:2:      minmay_chambers_of_twos, layout_basic,
          dilly_ecumenical_altar_fadedgnrine, uniq_terence
D:3:      layout_basic, kennysheep_generic_room_9
D:4:      minmay_thinvault, layout_basic, minmay_temple_entry_statues_pillars,
          feat_on_display
D:5:      layout_rooms, amethyst_killhole, uniq_prince_ribbit1
Temple:   mainiacjoe_temple_hex_bubbles

Skill      XL: |  1  2  3  4  5  6 |
---------------+-------------------+-----
Fighting       | 4 5 6 |  6.0
Armour         | 4 |  4.8
Shields        | 4 |  4.8
Maces & Flails | 3 |  3.7

Action                   |  1- 3 |  4- 6 |  7- 9 || total
-------------------------+-------+-------+-------++-------
Melee: Flail             |    75 |   203 |    11 ||   289
Armor: Scale mail        |    48 |   113 |       ||   161
Dodge: Dodged            |    36 |    87 |     3 ||   126
Block: Buckler           |    15 |    47 |       ||    62
